 Dungeon Crawl Stone Soup version 0.29-a0-289-g2178c42546 (webtiles) character file.

Game seed: 12279150914890349324

7623 EnegeticOcto the Severer (level 11, -6/89 HPs)
             Began as a Hill Orc Chaos Knight on Mar 17, 2022.
             Was a Plaything of Xom.
             Mangled by an ice devil (11 damage)
             ... in an ice cave.
             The game lasted 00:26:01 (14571 turns).

EnegeticOcto the Severer (Hill Orc Chaos Knight)   Turns: 14571, Time: 00:26:02

Health: -6/89      AC:  8    Str: 21 (22) XL:     11   Next: 18%
Magic:  11/11      EV: 10    Int: 12      God:    Xom [*.....]
Gold:   407        SH:  0    Dex: 12      Spells: 10/10 levels left

rFire   x . .      SeeInvis .   I - +3 battleaxe
rCold   + . .      Faith    .   (shield currently unavailable)
rNeg    . . .      Spirit   .   H - +1 scale mail of Kevizy {+Blink rC- Will+ Str+2}
rPois   .          Reflect  .   (helmet restricted)
rElec   .          Harm     .   (no cloak)
rCorr   .          Rampage  .   (no gloves)
Will    +....      Rnd*Tele +   (no boots)
Stlth   ..........              F - amulet of magic regeneration
HPRegen 0.24/turn               r - ring of ice
MPRegen 0.52/turn               N - ring of protection from cold

@: about to teleport, hasted, very quick
A: antennae 1, agile 1, deterioration 1, frail 1, teleportitis 1
a: Renounce Religion, Evoke Blink


You were in an ice cave.
You worshipped Xom.
You were a special plaything of Xom.
You visited 2 branches of the dungeon, and saw 11 of its levels.
You also visited: Bailey and Ice Cave.

You collected 637 gold pieces.
You spent 230 gold pieces at shops.

Inventory:

Hand Weapons
 a - a +0 hand axe of chaos
 q - a +0 flail
   (You found it on level 3 of the Dungeon)
 x - a +0 spear of venom
   (You found it on level 5 of the Dungeon)
 A - a +2 vorpal war axe
   (You found it on level 6 of the Dungeon)
 C - a +0 war axe
   (You took it off an orc on level 5 of the Dungeon)
 I - a +3 battleaxe (weapon)
   (You took it off a wight on level 8 of the Dungeon)
 J - a +3 war axe
   (You took it off a wight on level 8 of the Dungeon)
Missiles
 d - 345 stones
 i - 35 poisoned darts (quivered)
 L - 2 curare-tipped darts
 T - 8 boomerangs
Armour
 b - a +2 leather armour
 p - a +1 chain mail
   (You took it off an orc on level 3 of the Dungeon)
 u - a +0 buckler
   (You found it on level 3 of the Dungeon)
 z - a +0 helmet
   (You found it on level 9 of the Dungeon)
 H - the +1 scale mail of Kevizy (worn) {+Blink rC- Will+ Str+2}
   (You found it on level 7 of the Dungeon)

   Str:       It affects your strength (+2).
   rC:        It makes you vulnerable to cold.
   +Blink:    It lets you blink.
   Will:      It increases your willpower.
 K - a +0 plate armour
   (You took it off an orc warrior on level 7 of the Dungeon)
 R - +0 acid dragon scales
   (You found it on level 9 of the Dungeon)
Magical Staves
 k - a staff of poison
   (You found it on level 2 of the Dungeon)
 o - a staff of death
   (You found it on level 3 of the Dungeon)
Jewellery
 r - a ring of ice (left hand)
   (You found it on level 5 of the Dungeon)
 y - a ring of poison resistance
   (You found it on level 5 of the Dungeon)
 F - an amulet of magic regeneration (around neck)
   (You found it on level 7 of the Dungeon)
 G - a ring of positive energy
   (You found it on level 7 of the Dungeon)
 M - a ring of fire
   (You found it on level 7 of the Dungeon)
 N - a ring of protection from cold (right hand)
   (You took it off a wight on level 8 of the Dungeon)
Wands
 f - a wand of iceblast (7) {@v2}
   (You found it on level 8 of the Dungeon)
 l - a wand of mindburst (9)
   (You found it on level 3 of the Dungeon)
 D - a wand of charming (10)
   (You found it on level 5 of the Dungeon)
 O - a wand of acid (2) {@v1}
   (You found it on level 9 of the Dungeon)
 P - a wand of polymorph (4)
   (You found it on level 9 of the Dungeon)
Scrolls
 g - 2 scrolls of fog {!r}
 h - 2 scrolls of enchant armour
 n - 4 scrolls of fear {!r}
 v - 3 scrolls of immolation
 E - a scroll of teleportation {@r3 !r}
Potions
 e - 6 potions of flight
 j - 3 potions of attraction
 s - 2 potions of haste {@q4 !q}
 t - 3 potions of magic
 B - a potion of might {@q3 !q}
 Q - a potion of resistance
Miscellaneous
 c - a piece from Xom's chessboard (11/15)


   Skills:
 - Level 10.0 Fighting
 * Level 17.9 Axes
 + Level 3.9 Armour
 + Level 2.4 Dodging
 - Level 4.0 Evocations


You had 10 spell levels left.
You didn't know any spells.
Your spell library contained the following spells:

 Spells                   Type           Power      Damage    Failure   Level
 Animate Skeleton         Necr           0%         N/A       65%         1
 Magic Dart               Conj           0%         1d3       65%         1
 Pain                     Necr           0%         1d4       65%         1
 Sandblast                Erth           0%         2d4       65%         1
 Passwall                 Tmut/Erth      0%         N/A       78%         2
 Searing Ray              Conj           0%         2d4       78%         2
 Inner Flame              Hex/Fire       0%         N/A       95%         3
 Stone Arrow              Conj/Erth      0%         3d7       95%         3
 Vampiric Draining        Necr           0%         2d6       95%         3
 Cause Fear               Hex            0%         N/A       100%        4
 Fulminant Prism          Conj/Hex       0%         3d6       100%        4
 Hailstorm                Conj/Ice       0%         3d3       100%        4
 Ice Form                 Ice/Tmut       0%         N/A       100%        4
 Simulacrum               Ice/Necr       0%         N/A       100%        6
 Dragon Form              Tmut           0%         N/A       100%        7
 Discord                  Hex            0%         N/A       100%        8
 Dragon's Call            Summ           0%         N/A       100%        9


Dungeon Overview and Level Annotations

Branches:
Dungeon (10/15)            Temple (0/1) D:6            Lair (1/6) D:9
    Orc (0/2) D:10         Bailey (visited)           IceCv (1/1)

Altars:
Okawaru
Qazlal
Uskayaw
Xom

Shops:
D:3 ?

Annotations:
IceCv exclusion: ice statue


Innate Abilities, Weirdness & Mutations

You have a pair of small antennae on your head.
You are agile. (Dex +2)
Your body sometimes deteriorates upon taking damage.
You are frail. (-10% HP)
You are occasionally teleported next to monsters.


Message History

(? for menu, Esc to cancel) < or
y - a ring of poison resistance; > or
N - a ring of protection from cold You remove your ring of poison resistance.
You feel more attuned to ice.
r - a ring of ice (left hand)
There is a frozen archway here.
The world spins around you as you enter the gateway.
You enter an ice cave!
Found an ice covered gate leading back out of this place.
There is an ice choked empty arch of ancient stone here.
Press: ? - help, v - describe, . - travel An ice choked empty arch of ancient stone.
There is an ice covered gate leading back out of this place here.
The wolf simulacrum bites you. The wolf simulacrum freezes you. You resist.
You completely miss the wolf simulacrum.
You hit the wolf simulacrum.
The wolf simulacrum bites you but does no damage.
The wolf simulacrum bites you. The wolf simulacrum freezes you. You resist.
You hit the wolf simulacrum.
The wolf simulacrum is lightly damaged.
You completely miss the wolf simulacrum.
The wolf simulacrum bites you. The wolf simulacrum freezes you. You resist.
The wolf simulacrum bites you. The wolf simulacrum freezes you. You resist.
You slice the wolf simulacrum!!
The wolf simulacrum vaporises!
You hit the wolf simulacrum. The wolf simulacrum bites you!
The wolf simulacrum freezes you. You resist. "Whee!"
You stop ascending the stairs.
Your surroundings suddenly seem different.
An ice devil, 3 simulacra and an ice statue come into view.
Marking area around an ice statue as unsafe for travelling.
Okay, then.
Okay, then.
Okay, then.
Okay, then.
Okay, then.
Okay, then.
Okay, then.
An ice devil comes into view.
The wolf simulacrum bites you. The wolf simulacrum freezes you. You resist.
The ice statue gestures at you. The shard of ice hits you!
You partially resist.
* * * LOW HITPOINT WARNING * * *
Blink to where?
Press: ? - help, Dir - move target 2 ice devils, a necromancer and a death yak simulacrum come into view.
Found four items.
As you read the scroll of blinking {@r4}, it crumbles to dust.
The necromancer shouts!
An elephant simulacrum comes into view.
The ice devil hits you but does no damage.
The necromancer barely misses you.
Unknown command.
You fail to use your ability.
An ice devil opens the door.
The ice devil barely misses you.
The ice devil hits you but does no damage.
The ice devil barely misses you.
The necromancer hits you but does no damage.
You blink.
Found a staff of death.
Okay, then.
Okay, then.
The ice devil hits you.
* * * LOW HITPOINT WARNING * * *
The ice devil freezes you. You resist.
* * * LOW HITPOINT WARNING * * *
You see here a staff of death.
There is a fountain of blood, spattered with blood here.
Really quaff
w - 3 potions of curing {@q1 !q}?
You feel better. The ice devil closely misses you.
Really quaff
w - 2 potions of curing {@q1 !q}?
You feel better.
You feel stable enough to blink again. The ice devil closely misses you.
Really quaff
s - 3 potions of haste {@q4 !q}?
You feel yourself speed up. The ice devil hits you.
* * * LOW HITPOINT WARNING * * *
The ice devil freezes you! You resist.
* * * LOW HITPOINT WARNING * * *
Really quaff
w - a potion of curing {@q1 !q}?
You feel better. The ice devil hits you.
* * * LOW HITPOINT WARNING * * *
The ice devil freezes you. You resist.
* * * LOW HITPOINT WARNING * * *
Okay, then.
Okay, then.
Really read
E - 2 scrolls of teleportation {@r3 !r}?
As you read the scroll of teleportation {@r3 !r}, it crumbles to dust.
You feel strangely unstable.
Okay, then.
You closely miss the ice devil. The ice devil barely misses you.
You hit the ice devil.
The ice devil is lightly wounded.
You slash the ice devil!
The ice devil is heavily wounded.
The ice devil hits you.
* * * LOW HITPOINT WARNING * * *
The ice devil freezes you! You resist.
You die...
Xom cackles wildly!

##### #@4p#
####Z###
#.{44Z.##
#..Z4ZZ..##
#..#$?$$#..##
#..
##)/##...# #.
####...## #
.........#
...8....##


You could see an ice devil, a necromancer, a wolf simulacrum and a polar bear
simulacrum.

Vanquished Creatures
  2 two-headed ogres
  A kobold demonologist (D:8)
  A komodo dragon (Lair:1)
  A troll (D:10)
  2 hornets (D:9)
  4 yaks (D:9)
  2 wyverns
  3 basilisks
  2 steam dragons
  An acid dragon (D:9)
  A water moccasin (D:7)
  2 orc warriors
  2 sky beasts
  An ice beast (D:8)
  2 ogres
  A phantom (D:4)
  A centaur (D:6)
  8 kobold brigands
  3 bullfrogs
  3 scorpions
  6 wights
  6 killer bees
  11 howler monkeys
  5 hounds
  3 orc priests
  4 iguanas
  11 orc wizards
  A wolf simulacrum (IceCv)
  6 gnolls
  9 adders
  2 shadow imps
  13 white imps
  An ufetubus (D:5)
  3 dart slugs
  22 orcs
  2 ball pythons
  4 endoplasms
  8 giant cockroaches
  8 goblins
  15 hobgoblins
  A jackal (D:3)
  9 quokkas
  3 bats
  4 frilled lizards
  15 kobolds
  7 orc zombies (Bailey)
  9 rats
231 creatures vanquished.

Vanquished Creatures (others)
  A white imp (D:7)
  2 fungi
  19 plants
22 creatures vanquished.

Grand Total: 253 creatures vanquished

Notes
Turn   | Place    | Note
-------+----------+-------------------------------------------
     0 | D:1      | EnegeticOcto the Hill Orc Chaos Knight began the quest for
                  | the Orb.
     0 | D:1      | Reached XP level 1. HP: 19/19 MP: 1/1
   152 | D:1      | Reached XP level 2. HP: 27/27 MP: 2/2
   330 | D:1      | XOM: silly message
   432 | D:1      | Reached skill level 4 in Fighting
   614 | D:1      | XOM: 7-stop teleportation journey
   663 | D:1      | Reached skill level 5 in Axes
   674 | D:1      | Reached XP level 3. HP: 30/33 MP: 3/3
  1267 | D:1      | XOM is BORED!
  1298 | D:2      | Found a faded altar of an unknown god.
  1364 | D:2      | Found an iron altar of Okawaru.
  1364 | D:2      | XOM: 10-stop teleportation journey
  1472 | D:2      | XOM: silly message
  1586 | D:2      | Reached XP level 4. HP: 41/41 MP: 4/4
  2169 | D:3      | Found Axi Iferr's Magic Scroll Emporium.
  2176 | D:3      | Bought a scroll of blinking for 75 gold pieces
  2176 | D:3      | Bought a scroll of fear for 35 gold pieces
  2307 | D:3      | XOM: polymorph gnoll -> jackal
  2311 | D:3      | Reached skill level 6 in Axes
  2352 | D:3      | XOM: enchant monster (good)
  2591 | D:3      | XOM: 3-stop teleportation journey
  2625 | D:3      | Reached XP level 5. HP: 44/47 MP: 5/5
  2627 | D:3      | XOM: smoke on damage
  3007 | D:3      | XOM is BORED!
  3113 | D:3      | Bought a scroll of immolation for 35 gold pieces
  3215 | D:4      | Noticed an ogre
  3218 | D:4      | XOM: enchant monster (good)
  3248 | D:3      | Killed an ogre
  3249 | D:3      | Reached skill level 5 in Fighting
  3249 | D:3      | Reached skill level 7 in Axes
  3249 | D:3      | Reached XP level 6. HP: 20/56 MP: 6/6
  3460 | D:4      | XOM: enchant monster (bad)
  3493 | D:3      | XOM: god gift: potion of flight
  3574 | D:3      | XOM: divination: magic mapping
  3780 | D:3      | Bought a scroll of identify for 20 gold pieces
  3780 | D:3      | Bought a scroll of noise for 10 gold pieces
  3968 | D:3      | Bought a scroll of identify for 20 gold pieces
  4006 | D:4      | Reached skill level 8 in Axes
  4009 | D:4      | XOM: god gift: 10 gold pieces
  4053 | D:4      | XOM: potion effect (invisibility)
  4064 | D:4      | XOM: chaos cloud
  4145 | D:3      | XOM: silly message
  4226 | D:4      | Reached skill level 6 in Fighting
  4226 | D:4      | Reached XP level 7. HP: 53/63 MP: 7/7
  4344 | D:4      | XOM: confusion
  4361 | D:4      | Reached skill level 9 in Axes
  4896 | D:3      | Bought a scroll of fear for 35 gold pieces
  4953 | D:5      | Entered Level 5 of the Dungeon
  5122 | D:5      | XOM: stat loss: -1 Str (16/17)
  5448 | D:5      | Found a glowing drain.
  5482 | D:5      | XOM: torment (24/64 hp)
  5624 | D:5      | XOM: summons 4 hostile demons
  5790 | D:5      | XOM: summons 4 hostile demons
  5791 | D:5      | Noticed an orange demon
  5933 | D:5      | XOM: noise
  6051 | D:5      | Reached skill level 10 in Axes
  6190 | D:6      | Reached skill level 7 in Fighting
  6190 | D:6      | Reached XP level 8. HP: 73/73 MP: 8/8
  6720 | D:6      | XOM: swap monsters
  6722 | D:6      | Reached skill level 11 in Axes
  6834 | D:6      | Found a staircase to the Ecumenical Temple.
  6875 | D:6      | XOM: noise
  6934 | D:6      | XOM: summons 1 hostile demon
  7151 | D:7      | XOM: fog
  7157 | D:7      | Reached skill level 8 in Fighting
  7219 | D:7      | XOM: swap monsters
  7485 | D:7      | Identified the +1 scale mail of Kevizy {+Blink rC- Will+
                  | Str+2}
  7565 | D:7      | XOM: 1-stop teleportation journey
  7581 | D:7      | Found a flagged portal.
  7590 | Bailey   | Entered a bailey
  7742 | Bailey   | XOM: enchant monster (bad)
  7859 | Bailey   | XOM: god gift: 19 stones
  8006 | Bailey   | Noticed a gargoyle
  8006 | Bailey   | XOM: 3-stop teleportation journey
  8133 | D:7      | XOM: silly message
  8178 | D:7      | Reached skill level 12 in Axes
  8628 | D:7      | Found a stormy altar of Qazlal.
  8643 | D:7      | Found a shimmering altar of Xom.
  8823 | D:7      | XOM: give mutations
  8823 | D:7      | Gained mutation: You have an increased reservoir of magic.
                  | (+10% MP) [Xom's grace]
  8823 | D:7      | Gained mutation: You possess an exceptional clarity of
                  | mind. [Xom's grace]
  9019 | D:8      | Reached XP level 9. HP: 69/82 MP: 9/9
  9176 | D:8      | XOM: smoke on damage
  9226 | D:8      | XOM is BORED!
  9226 | D:8      | XOM: torment (44/82 hp)
  9592 | D:8      | XOM: silly message
  9611 | D:8      | Reached skill level 13 in Axes
  9835 | D:8      | Reached skill level 9 in Fighting
  9835 | D:8      | Reached skill level 1 in Evocations
  9855 | D:7      | XOM: silly message
 10142 | D:8      | Noticed a kobold demonologist
 10142 | D:8      | XOM: potion effect (invisibility)
 10155 | D:8      | XOM: summons 3 hostile shadow creatures
 10162 | D:8      | Reached skill level 2 in Evocations
 10162 | D:8      | Killed a kobold demonologist
 10394 | D:7      | XOM: give mutations
 10394 | D:7      | Gained mutation: You are clumsy. (Dex -2) [Xom's mischief]
 10394 | D:7      | Gained mutation: Armour fits poorly on your strangely
                  | shaped body. [Xom's mischief]
 10394 | D:7      | Lost mutation: You are clumsy. (Dex -2) [Xom's mischief]
 10462 | D:7      | Reached skill level 14 in Axes
 10581 | D:8      | Reached skill level 3 in Evocations
 10879 | D:9      | Noticed a hornet
 10882 | D:9      | XOM: potion effect (invisibility)
 10884 | D:9      | Killed a hornet
 10934 | D:9      | XOM: potion effect (curing)
 11043 | D:9      | XOM: silly message
 11048 | D:9      | Noticed a hornet
 11053 | D:9      | Reached XP level 10. HP: 59/93 MP: 11/11
 11055 | D:9      | Reached skill level 10 in Fighting
 11074 | D:8      | Lost mutation: You possess an exceptional clarity of mind.
                  | [potion of mutation]
 11074 | D:8      | Lost mutation: Armour fits poorly on your strangely shaped
                  | body. [potion of mutation]
 11074 | D:8      | Lost mutation: You have an increased reservoir of magic.
                  | (+10% MP) [potion of mutation]
 11074 | D:8      | Gained mutation: You are partially covered in iridescent
                  | scales. (AC +2) [potion of mutation]
 11126 | D:8      | XOM is BORED!
 11126 | D:8      | XOM: stat loss: -3 Str (19/22)
 11345 | D:9      | Reached skill level 4 in Evocations
 11349 | D:9      | XOM: confuse monster(s)
 11384 | D:9      | Noticed a two-headed ogre
 11391 | D:9      | HP: 2/93 [two-headed ogre/+0 giant club (32)]
 11393 | D:9      | Killed a two-headed ogre
 11394 | D:9      | Reached skill level 15 in Axes
 11474 | D:8      | XOM: god gift: potion of curing
 11559 | D:8      | XOM: give mutations
 11559 | D:8      | Gained mutation: You have a pair of small antennae on your
                  | head. [Xom's grace]
 11559 | D:8      | Gained mutation: You are agile. (Dex +2) [Xom's grace]
 11883 | D:9      | XOM: silly message
 11949 | D:9      | XOM: summons 6 hostile demons
 11972 | D:9      | XOM is BORED!
 11972 | D:9      | XOM: stat loss: -2 Str (19/22)
 12187 | D:9      | Reached skill level 16 in Axes
 12400 | D:9      | XOM: summons 6 hostile demons
 12659 | D:9      | Found a staircase to the Lair.
 12730 | D:10     | Entered Level 10 of the Dungeon
 12754 | D:10     | Reached skill level 17 in Axes
 12907 | D:9      | XOM: silly message
 13006 | D:10     | Found a staircase to the Orcish Mines.
 13045 | D:10     | Noticed a two-headed ogre
 13053 | D:10     | Killed a two-headed ogre
 13054 | D:10     | Reached skill level 3 in Armour
 13054 | D:10     | Reached skill level 1 in Dodging
 13058 | D:10     | Reached XP level 11. HP: 92/99 MP: 11/11
 13227 | D:10     | Found a hide-covered altar of Uskayaw.
 13343 | D:10     | XOM: 5-stop teleportation journey
 13419 | D:10     | Reached skill level 2 in Dodging
 13473 | D:10     | XOM is BORED!
 13473 | D:10     | XOM: torment (51/99 hp)
 13535 | D:9      | XOM: stat loss: -1 Dex (11/12)
 14049 | Lair:1   | Entered Level 1 of the Lair of Beasts
 14111 | Lair:1   | XOM: give mutations
 14111 | Lair:1   | Gained mutation: Your body sometimes deteriorates upon
                  | taking damage. [Xom's mischief]
 14111 | Lair:1   | Gained mutation: You are frail. (-10% HP) [Xom's mischief]
 14111 | Lair:1   | Gained mutation: You are occasionally teleported next to
                  | monsters. [Xom's mischief]
 14111 | Lair:1   | Lost mutation: You are partially covered in iridescent
                  | scales. (AC +2) [Xom's mischief]
 14129 | Lair:1   | Noticed a lindwurm
 14205 | Lair:1   | XOM: enchant monster (bad)
 14209 | Lair:1   | XOM: 6-stop teleportation journey
 14244 | Lair:1   | XOM: summons 1 hostile shadow creature
 14317 | Lair:1   | Found a frozen archway.
 14392 | Lair:1   | XOM: 1-stop teleportation journey
 14541 | Lair:1   | XOM: give mutations
 14541 | Lair:1   | Gained mutation: You occasionally shout uncontrollably at
                  | your foes. [Xom's mischief]
 14541 | Lair:1   | Lost mutation: You occasionally shout uncontrollably at
                  | your foes. [Xom's mischief]
 14549 | IceCv    | Entered an ice cave
 14557 | IceCv    | XOM: 1-stop teleportation journey
 14559 | IceCv    | Noticed a necromancer
 14571 | IceCv    | Mangled by an ice devil

Illustrated notes

Levels and vault maps discovered:
D:1:      dpeg_arrival_prison, layout_loops_corners, minmay_misc_feat_x
D:2:      layout_basic, serial_aquarium, aquarium_bridge_island_small
          [aquarium_subvault_small_water, aquarium_subvault_wall,
          aquarium_subvault_bridge, aquarium_subvault_bridge,
          aquarium_subvault_balcony], aquarium_window_2, aquarium_window_fake,
          aquarium_window_fake, aquarium_view_2b, aquarium_balcony_1a,
          aquarium_pool_corner, nicolae_ecumenical_oubliette, basic_altar,
          kennysheep_generic_room_11
D:3:      layout_loops_corners, serial_shops, shop, hangedman_decor_slide_cut
D:4:      layout_rooms
D:5:      layout_rooms, gup_sewer_entry_pipe, corner_web_ring
D:6:      layout_loops_cross, minmay_temple_entry_fiery
D:7:      layout_loops_cross, nicolae_overflow_squiral, enter_bailey_8
D:8:      layout_rooms, special_room [special_room_kobold]
D:9:      layout_stronghold, david_lair_generic
D:10:     layout_irregular_city, mainiacjoe_overflow_small_starburst,
          orc_0_dummy, grunt_ministairs_15
Lair:1:   layout_layer_cave, ebering_ghost_inner_flame,
          portal_ice_cave_entry_imps, nicolae_lair_lindhole, grunt_megastairs_4,
          infiniplex_staircase_pool, serial_bayou_shore_a
IceCv:    ice_cave_small_necro

Skill      XL: |  1  2  3  4  5  6  7  8  9 10 11 |
---------------+----------------------------------+-----
Fighting       | 4 5 6 7 8 9 10 | 10.0
Axes           | 5 6 7 8 10 12 14 17 | 17.9
Evocations     | 3 4 |  4.0
Armour         | 3 |  3.9
Dodging        | 1 2 |  2.4

Action                   |  1- 3 |  4- 6 |  7- 9 | 10-12 || total
-------------------------+-------+-------+-------+-------++-------
Melee: Hand axe          |   145 |   142 |   198 |       ||   485
       Punch             |     2 |     1 |       |       ||     3
       War axe           |       |       |   159 |       ||   159
       Battleaxe         |       |       |    61 |   185 ||   246
Throw: Dart              |       |    11 |    19 |    16 ||    46
 Abil: Evoke Blink       |       |       |       |     1 ||     1
Evoke: Piece from Xom's  |       |     4 |     1 |     4 ||     9
       Wand              |       |       |     2 |     3 ||     5
  Use: Scroll            |     2 |     4 |     9 |     4 ||    19
       Potion            |       |       |     1 |     8 ||     9
 Stab: Sleeping          |     1 |       |       |       ||     1
       Paralysed         |       |     9 |       |       ||     9
       Invisible         |       |     1 |    11 |       ||    12
       Confused          |       |       |     1 |       ||     1
Armor: Leather armour    |    46 |     6 |       |       ||    52
       Chain mail        |       |    63 |   252 |       ||   315
       Scale mail        |       |       |     4 |    62 ||    66
Dodge: Dodged            |    62 |    42 |   148 |    74 ||   326
Block: Buckler           |       |     9 |    44 |       ||    53

Table legend: (Time is in decaauts)
 A = Elapsed time spent in this place.
 B = Non-inter-level travel time spent in this place.
 C = Inter-level travel time spent in this place.
 D = Time resting spent in this place.
 E = Time spent auto-exploring this place.
 F = Levels seen in this place.
 G = Mean time per level.
                   A        B        C        D        E       F      G
               +--------+--------+--------+--------+--------+-----+--------+
         Total |  14561 |  13669 |    892 |   3284 |   7727 |  13 | 1120.1 |
       Dungeon |  13615 |  12723 |    892 |   2626 |   7727 |  10 | 1361.5 |
          Lair |    489 |    489 |      0 |    338 |      0 |   1 |  489.0 |
        Bailey |    435 |    435 |      0 |    320 |      0 |   1 |  435.0 |
      Ice Cave |     19 |     19 |      0 |      0 |      0 |   1 |   19.0 |
               +--------+--------+--------+--------+--------+-----+--------+

Top non-repeatable levels by time:
     D:3: 1990 daAuts
     D:9: 1822 daAuts
     D:8: 1548 daAuts
     D:7: 1547 daAuts
     D:6: 1531 daAuts
     D:1: 1370 daAuts
     D:5: 1243 daAuts
     D:4: 1064 daAuts
    D:10: 845 daAuts
     D:2: 651 daAuts
  Lair:1: 489 daAuts
  Bailey: 435 daAuts
   IceCv: 19 daAuts
